 Dungeon Crawl Stone Soup version 0.23-a0-639-ga9a3373 (console) character file.

54 Duffy the Firebug (level 3, -2/24 HPs)
             Began as a Demonspawn Fire Elementalist on Dec 29, 2018.
             Killed by nerve-wracking pain
             ... invoked by an orc priest
              (3 damage)
             ... on level 3 of the Dungeon.
             The game lasted 00:01:58 (2354 turns).

Duffy the Firebug (Demonspawn Fire Elementalist)    Turns: 2354, Time: 00:01:58

Health: -2/24      AC:  3    Str:  8    XL:     3   Next: 66%
Magic:  3/7        EV: 12    Int: 17    God:
Gold:   167        SH:  0    Dex: 13    Spells: 3/7 levels left

rFire    + . .     SeeInvis .   f - +0 short sword
rCold    x . .     Gourm    .   (no shield)
rNeg     . . .     Faith    .   a - +0 robe
rPois    .         Spirit   .   h - +0 helmet
rElec    .         Reflect  .   (no cloak)
rCorr    .         Harm     .   (no gloves)
MR       .....                  (no boots)
Stlth    ++........             (no amulet)
HPRegen  0.08/turn              l - ring of fire
MPRegen  0.10/turn              (no ring)

@: no status effects
A: powered by death 1
a: no special abilities


You were on level 3 of the Dungeon.
You were hungry.

You visited 1 branch of the dungeon, and saw 3 of its levels.

You collected 167 gold pieces.

Inventory:

Hand Weapons
 f - a +0 short sword (weapon)
Armour
 a - a +0 robe (worn)
 h - a +0 helmet (worn)
Jewellery
 l - a ring of fire (left hand)
Scrolls
 e - a scroll of blinking {unknown}
 g - 3 scrolls of remove curse {unknown}
 i - a scroll of fog {unknown}
 j - 3 scrolls of identify {unknown}
 m - a scroll of magic mapping {unknown}
 n - a scroll of noise {unknown}
 p - a scroll of enchant weapon {unknown}
 q - a scroll of enchant armour {unknown}
Potions
 b - a potion of heal wounds {unknown}
 d - a potion of haste {unknown}
 k - a potion of curing {unknown}
 o - a potion of degeneration {unknown}
Comestibles
 c - 3 rations


   Skills:
 - Level 1.7 Dodging
 - Level 1.7 Stealth
 + Level 2.8 Spellcasting
 + Level 2.3 Conjurations
 - Level 3.1 Fire Magic


You had 3 spell levels left.
You knew the following spells:

 Your Spells              Type           Power        Failure   Level  Hunger
h - Flame Tongue          Conj/Fire      ###..        6%          1    #......
l - Conjure Flame         Conj/Fire      ###.....     17%         3    ###....

Your spell library contained the following spells:

 Spells                   Type           Power        Failure   Level  Hunger
 Throw Flame              Conj/Fire      ###...       9%          2    ##.....
 Inner Flame              Hex/Fire       ##......     28%         3    ###....
 Sticky Flame             Conj/Fire      ###.....     50%         4    #####..
 Fireball                 Conj/Fire      ###.......   85%         5    ######.


Dungeon Overview and Level Annotations

Branches:
Dungeon (3/15)

Altars:
Makhleb


Innate Abilities, Weirdness & Mutations

You regenerate a little health from kills.


Message History

Press: ? - help, Shift-Dir - straight line, f/p - orc
Aim: an orc, wearing a +0 leather armour (severely wounded)
You feel a surge of power!
The flame tongue hits the orc.
You kill the orc!
The orc priest mumbles some strange prayers to Beogh against you.
Beogh smites you!
* * * LOW HITPOINT WARNING * * *
An orc wizard comes into view. It is wielding a +0 dagger.
An orc comes into view.
The orc shouts!
A giant cockroach comes into view.
The orc moves out of view.
The orc wizard casts a spell at you. The puff of flame hits you! You resist.
* * * LOW HITPOINT WARNING * * *
There is a stone staircase leading up here.
The orc hits you but does no damage.
The orc priest invokes the aid of Beogh against you.
Pain shoots through your body!
You die...

#.# #.# #.# #####.#
#.#.#.#
###.###.#.#.######.#
............o.%o...#
###.###.....######.#
#.#@o....o..s
...#########.. ###.#
#.# ... #.. ##


You could see an orc priest, an orc wizard and an orc.

Vanquished Creatures
  2 worms (D:2)
  2 dart slugs
  2 leopard geckos
  2 orcs (D:3)
  5 bats
  2 giant cockroaches
  8 goblins
  6 hobgoblins
  3 kobolds (D:1)
  2 ball pythons
  3 frilled lizards
  4 rats (D:1)
41 creatures vanquished.

Notes
Turn   | Place    | Note
-------+----------+-------------------------------------------
     0 | D:1      | Duffy the Demonspawn Fire Elementalist began the quest for
                  | the Orb.
     0 | D:1      | Reached XP level 1. HP: 13/13 MP: 3/3
   167 | D:1      | Gained mutation: You regenerate a little health from kills.
                  | [demonic ancestry]
   167 | D:1      | Reached XP level 2. HP: 17/19 MP: 1/5
   491 | D:1      | Reached skill level 3 in Fire Magic
  1215 | D:2      | Reached XP level 3. HP: 24/24 MP: 4/6
  1659 | D:2      | Found a burning altar of Makhleb.
  2318 | D:2      | Learned a level 3 spell: Conjure Flame
  2352 | D:3      | HP: 1/24 [orc wizard/puff of flame (3)]
  2354 | D:3      | Killed from afar by an orc priest

Vault maps used:
D:1:      tarquinn_simple_flora_water_f, corexii_corridor_pit
D:2:      lemuel_round_altar, corexii_leaking_fountain
D:3:      lemuel_coloured_pillars_altar, first_ration

Skill      XL: |  1  2  3 |
---------------+----------+-----
Fire Magic     | 3 |  3.1
Conjurations   | 2 |  2.3
Dodging        | |  1.7
Stealth        | |  1.7
Spellcasting   | |  2.8

Action                   || total
-------------------------++-------
Melee: Short sword       ||    11
 Cast: Flame Tongue      ||    68
  Eat: Chunk             ||     4
Armor: Robe              ||     6
Dodge: Dodged            ||    22

Table legend:
 A = Non-vault XP
 B = Vault XP
 C = Vault XP percentage of total XP
 D = Non-vault monster count
 E = Vault monster count
 F = Vault count percentage of total count
                 A         B        C        D         E       F
            +---------+---------+-------+---------+---------+-------
      Total |      78 |       0 |   0.0 |      41 |       0 |   0.0
            +---------+---------+-------+---------+---------+-------
        D:1 |      40 |       0 |   0.0 |      24 |       0 |   0.0
        D:2 |      32 |       0 |   0.0 |      15 |       0 |   0.0
        D:3 |       6 |       0 |   0.0 |       2 |       0 |   0.0
            +---------+---------+-------+---------+---------+-------
